 Dungeon Crawl Stone Soup version 0.18.1-48-g4cf74bf (webtiles) character file.

70 Larett the Covert (level 4, 0/22 HPs)
             Began as a Spriggan Assassin on July 10, 2016.
             Slain by a gnoll
             ... wielding a +0 spear
              (1 damage)
             ... on level 2 of the Dungeon.
             The game lasted 00:06:32 (2121 turns).

Larett the Covert (Spriggan Assassin)               Turns: 2121, Time: 00:06:33

Health: 0/22       AC:  3    Str:  7    XL:     4   Next: 3%
Magic:  5/5        EV: 12    Int: 12    God:
Gold:   59         SH:  0    Dex: 18    Spells: 0 memorised, 3 levels left

rFire  . . .     SeeInvis +     a - +2 dagger
rCold  . . .     Gourm    .     c - +0 robe
rNeg   . . .     Faith    .     (shield restricted)
rPois  .         Spirit   .     (helmet restricted)
rElec  .         Dismiss  .     d - +0 cloak
rCorr  .         Reflect  .     (gloves unavailable)
SustAt .         Harm     .     (boots unavailable)
MR     .....     Rnd*Tele +     (no amulet)
Stlth  +++++.....               (no ring)
                                o - ring of teleportation (curse)

@: very quick, not resistant to hostile enchantments, quite stealthy
A: unfitting armour, see invisible, herbivore 3, speed 3, slow metabolism 2
a: no special abilities


You were on level 2 of the Dungeon.
You were not hungry.

You visited 1 branch of the dungeon, and saw 2 of its levels.

You collected 59 gold pieces.

Inventory:

Hand Weapons
 a - a +2 dagger (weapon)
 b - a +0 blowgun
Missiles
 e - 14 poisoned needles
 f - 2 curare-tipped needles
 m - 38 stones (quivered)
 n - 46 arrows
 p - 13 bolts
Armour
 c - a +0 robe (worn)
 d - a +0 cloak (worn)
Jewellery
 o - a cursed ring of teleportation (left hand)
Scrolls
 j - a scroll of enchant armour
 k - a scroll of blinking
 q - a scroll of magic mapping {unknown}
 s - a scroll of identify
Potions
 h - 3 potions of curing
 i - a potion of flight {unknown}
 l - a potion of cancellation {unknown}
 r - a potion of mutation {unknown}
Comestibles
 g - a bread ration


   Skills:
 - Level 1.5 Fighting
 - Level 2.1 Short Blades
 - Level 2.0 Throwing
 - Level 1.5 Dodging
 + Level 8.5 Stealth


You had 3 spell levels left.
You didn't know any spells.

Dungeon Overview and Level Annotations

Branches:
Dungeon (2/15)

Altars:


Innate Abilities, Weirdness & Mutations

You are tiny and cannot use many weapons and most armour.
You have supernaturally acute eyesight.
You are a herbivore.
You cover ground extremely quickly.
You need consume almost no food.


Message History

The quokka closely misses you.
You barely miss the quokka.
The quokka is almost dead.
The gnoll closely misses you. The quokka barely misses you.
You closely miss the quokka.
The quokka is almost dead.
The gnoll looks more healthy.
The gnoll barely misses you. The quokka bites you.
* * * LOW HITPOINT WARNING * * *
You barely miss the quokka.
The quokka is severely wounded.
The gnoll barely misses you. The quokka barely misses you.
You hit the quokka but do no damage.
The quokka is heavily wounded.
The quokka barely misses you.
The gnoll hits you from afar with a spear.
* * * LOW HITPOINT WARNING * * *
The quokka barely misses you.
The gnoll hits you from afar with a spear.
You die...

######## #......# #......#
#......# ###### #####.i....#
#....# ######## #.....r....#
#....# ##..........###(g....#
#....# ..$....########((...>#
#....#
.......(....##.......####....####
.....(..)(r.().....[†............
rs..r..#####..(......####....####
.......# #...##...#### #....#
..r....# #.######.......#....#


You could see a gnoll and a quokka.

Vanquished Creatures
  Terence (D:1)
  A gnoll (D:2)
  A worm (D:1)
  A giant gecko (D:2)
  A giant cockroach (D:1)
  A goblin (D:1)
  5 hobgoblins
  4 bats
  12 kobolds
  3 rats
30 creatures vanquished.

Notes
Turn   | Place    | Note
--------------------------------------------------------------
     0 | D:1      | Larett the Spriggan Assassin began the quest for the Orb.
     0 | D:1      | Reached XP level 1. HP: 10/10 MP: 2/2
    40 | D:1      | Reached skill level 6 in Stealth
   225 | D:1      | Reached XP level 2. HP: 14/14 MP: 3/3
   586 | D:1      | Reached skill level 7 in Stealth
   915 | D:2      | HP: 2/14 [kobold/whip (2)]
  1274 | D:2      | Noticed Terence
  1279 | D:2      | HP: 2/14 [worm (12)]
  1621 | D:2      | HP: 1/14 [kobold/stone (3)]
  1647 | D:1      | Killed Terence
  1647 | D:1      | Reached skill level 8 in Stealth
  1647 | D:1      | Reached XP level 3. HP: 2/18 MP: 4/4
  2104 | D:2      | Reached XP level 4. HP: 22/22 MP: 5/5
  2120 | D:2      | HP: 1/22 [gnoll/spear (6)]
  2121 | D:2      | Slain by a gnoll

Skill      XL: |  1  2 |
---------------+-------+-----
Stealth        | 6 8 |  8.5
Fighting       | |  1.5
Short Blades   | |  2.1
Throwing       | |  2.0
Dodging        | |  1.5

Action                   |  1- 3 |  4- 6 || total
-------------------------+-------+-------++-------
Melee: Dagger            |    74 |     5 ||    79
 Fire: Blowgun           |    27 |     4 ||    31
  Use: Scroll            |     4 |       ||     4
 Stab: Sleeping          |     8 |       ||     8
Armor: Robe              |    10 |       ||    10
Dodge: Dodged            |    52 |    11 ||    63
